 Dungeon Crawl Stone Soup version 0.23.2-1-ga50397a (webtiles) character file.

Game seed: 1959424662755206421

534 Drilltosky the Covered (level 7, 0/36 HPs)
             Began as a Gargoyle Earth Elementalist on May 15, 2019.
             Slain by Dowan
             ... wielding a +0 dagger
              (1 damage)
             ... on level 4 of the Dungeon.
             The game lasted 00:18:53 (4430 turns).

Drilltosky the Covered (GrEE)                       Turns: 4430, Time: 00:18:54

Health: 0/36       AC: 14    Str: 13    XL:     7   Next: 25%
Magic:  10/10      EV:  9    Int: 16    God:
Gold:   148        SH:  0    Dex: 10    Spells: 4/10 levels left

rFire    . . .     SeeInvis .   e - +3 short sword (drain)
rCold    . . .     Gourm    .   (no shield)
rNeg     + . .     Faith    .   s - +0 scale mail
rPois    ∞         Spirit   .   o - +1 helmet
rElec    +         Reflect  .   (no cloak)
rCorr    .         Harm     +   (no gloves)
MR       .....                  (no boots)
Stlth    ..........             v - amulet of harm
HPRegen  0.12/turn              (no ring)
MPRegen  0.12/turn              (no ring)

@: flying, very slightly contaminated
A: negative energy resistance 1, electricity resistance, unbreathing,
petrification resistance, rot immunity, AC +4
a: no special abilities


You were on level 4 of the Dungeon.
You were not hungry.

You visited 1 branch of the dungeon, and saw 4 of its levels.
You also visited: Sewer.

You collected 148 gold pieces.

Inventory:

Hand Weapons
 e - a +3 short sword of draining (weapon)
 k - a +2 hunting sling of freezing
Missiles
 b - 24 stones (quivered)
 f - 6 poisoned needles
Armour
 c - a +0 leather armour of cold resistance
 o - a +1 helmet (worn)
 s - a +0 scale mail (worn)
 x - a +0 chain mail
Jewellery
 v - an amulet of harm (around neck)
Wands
 r - a wand of random effects (15)
Scrolls
 l - a scroll of magic mapping
 w - 2 scrolls of teleportation
Potions
 a - a potion of might {unknown}
 g - 4 potions of curing {unknown}
 h - a potion of flight
 i - a potion of agility {unknown}
 m - a potion of magic
 p - a potion of haste {unknown}
 q - a potion of brilliance
 t - a potion of degeneration {unknown}
 u - 2 potions of lignification {unknown}
Comestibles
 d - 6 rations


   Skills:
 - Level 0.1 Fighting
 - Level 0.1 Short Blades
 + Level 6.6 Armour
 - Level 1.5 Dodging
 - Level 2.1 Stealth
 - Level 2.0 Spellcasting
 + Level 0.7 Transmutations
 - Level 6.0 Earth Magic


You had 4 spell levels left.
You knew the following spells:

 Your Spells              Type           Power        Failure   Level  Hunger
a - Sandblast             Erth           ###...       7%          1    #......
b - Stone Arrow           Conj/Erth      ##....       56%         3    ###....
c - Passwall              Tmut/Erth      ##......     30%         2    ###....

Your spell library contained the following spells:

 Spells                   Type           Power        Failure   Level  Hunger
 Petrify                  Tmut/Erth      ##......     90%         4    #####..
 Lee's Rapid Deconstruct  Erth           ###.......   88%         5    ######.


Dungeon Overview and Level Annotations

Branches:
Dungeon (4/15)
 Temple: D:4-7

Altars:
Ashenzari
Sif Muna
Trog

Annotations:
D:4 Dowan


Innate Abilities, Weirdness & Mutations

You are resistant to torment.
Your stone body is resilient. (AC +4)
You are immune to poison.
You resist negative energy. (rN+)
You are resistant to electric shocks. (rElec)
You can survive without breathing.
You are immune to petrification.
You are immune to rotting.


Message History

You miscast Sandblast.
Nothing appears to happen.
Dowan casts a spell at you. The stone arrow misses you.
Dowan points at you and mumbles some strange words.
The stone arrow misses you.
Casting: Sandblast (safe; 7% risk of failure)
Confirm with . or Enter, or press ? or * to list all spells.
Aiming: Stone Arrow (quite dangerous; 56% risk of failure)
Press: ? - help, Shift-Dir - straight line, f/p - Dowan
Aim: Dowan, wielding a +0 dagger, wearing a +0 robe and carrying a wand of flame (7) (moderately wounded, fast)
Okay, then.
It was a potion of flight.
You feel very buoyant.
You fly up into the air.
Dowan points at you and mumbles some strange words.
The shard of ice hits you!
* * * LOW HITPOINT WARNING * * *
It was a potion of magic.
Magic courses through your body. Dowan hits you with a +0 dagger.
You die...

#........# #### #.######.# #..
##### #.# #.# #.#### ##...##
#.######.######.... #.###.#
#.##....[..>.#..# ..# #.#
##.##.###.###§...# #.###.#
#...#.# #.##..........!. ##...##
#.....###.###....######? ##.##
#......@e.# ###..# #.#
##.######## #..# #. ###.# #.#
#<.. .. ....# #.# ##'### #. ##..#
#.# ##.§.## #. ....#### #.####
##.....## #. .......## #.##.##
##.......## #.
.#..#...###.#...####.........####
##.⌠#..............'.........'...


You could see Dowan.

Vanquished Creatures
  Duvessa (D:4)
  An ogre (D:4)
  A bullfrog (D:4)
  A worker ant (D:4)
  Robin (D:2)
  3 gnolls (D:4)
  6 adders
  2 oozes
  An adder skeleton (D:4)
  4 worms
  4 leopard geckos
  11 orcs
  8 ball pythons
  5 bats
  6 giant cockroaches
  12 goblins
  18 hobgoblins
  18 jackals
  6 kobolds (Sewer)
  A quokka (D:2)
  10 frilled lizards
  12 rats
  A plant (Sewer)
133 creatures vanquished.

Vanquished Creatures (others)
  A plant (Sewer)
1 creature vanquished.

Grand Total: 134 creatures vanquished

Notes
Turn   | Place    | Note
-------+----------+-------------------------------------------
     0 | D:1      | Drilltosky the Gargoyle Earth Elementalist began the quest
                  | for the Orb.
     0 | D:1      | Reached XP level 1. HP: 10/10 MP: 3/3
   257 | D:1      | Reached XP level 2. HP: 15/15 MP: 5/5
   419 | D:1      | Reached XP level 3. HP: 16/19 MP: 1/6
   486 | D:1      | Reached skill level 5 in Earth Magic
   703 | D:1      | Learned a level 3 spell: Stone Arrow
  1257 | D:2      | Reached XP level 4. HP: 24/24 MP: 3/7
  1453 | D:2      | Noticed Robin
  1494 | D:2      | Killed Robin
  1499 | D:2      | Reached skill level 1 in Armour
  1877 | D:2      | Found a bloodstained altar of Trog.
  2068 | D:3      | Reached XP level 5. HP: 25/28 MP: 8/8
  2496 | D:3      | Found a bloodstained altar of Trog.
  2873 | D:4      | Found a shattered altar of Ashenzari.
  2942 | D:4      | Reached XP level 6. HP: 27/32 MP: 5/9
  3087 | D:4      | Noticed Duvessa
  3115 | D:4      | Killed Duvessa
  3115 | D:4      | Reached skill level 5 in Armour
  3187 | D:4      | Found a glowing drain.
  3222 | Sewer    | Entered a sewer
  3962 | D:4      | Reached XP level 7. HP: 36/36 MP: 10/10
  3966 | D:4      | Learned a level 2 spell: Passwall
  4053 | D:4      | Found a deep blue altar of Sif Muna.
  4398 | D:4      | Noticed Dowan
  4429 | D:4      | HP: 1/36 [Dowan/shard of ice (12)]
  4430 | D:4      | Slain by Dowan

Skill      XL: |  1  2  3  4  5  6 |
---------------+-------------------+-----
Earth Magic    | 4 5 6 |  6.0
Armour         | 2 4 6 |  6.6
Fighting       | |  0.1
Short Blades   | |  0.1
Dodging        | |  1.5
Stealth        | |  2.1
Spellcasting   | |  2.0
Transmutations | |  0.7

Action                   |  1- 3 |  4- 6 |  7- 9 || total
-------------------------+-------+-------+-------++-------
Melee: Unarmed           |    19 |       |       ||    19
       Short sword       |    65 |   338 |     8 ||   411
 Cast: Sandblast         |    10 |    34 |     4 ||    48
       Stone Arrow       |       |     2 |       ||     2
  Use: Scroll            |       |     7 |     1 ||     8
       Potion            |       |       |     2 ||     2
 Stab: Sleeping          |     5 |       |       ||     5
  Eat: Chunk             |     1 |    10 |     2 ||    13
Armor: Robe              |    20 |       |       ||    20
       Leather armour    |     3 |    18 |       ||    21
       Scale mail        |       |   132 |     6 ||   138
Dodge: Dodged            |    75 |   142 |     6 ||   223
